 Dungeon Crawl Stone Soup version 0.30.1-3-gfc49f6343a (webtiles) character file.

Game seed: 2265015394084518459

237 javelincjr the Trooper (level 5, -7/63 HPs)
             Began as a Demonspawn Gladiator on Aug 1, 2023.
             Mangled by kitiara's ghost (15 damage)
             ... on level 4 of the Dungeon.
             The game lasted 00:08:09 (2933 turns).

javelincjr the Trooper (Demonspawn Gladiator)       Turns: 2933, Time: 00:08:10

Health: -7/63      AC: 22    Str: 17    XL:     5   Next: 77%
Magic:  4/5        EV:  2    Int:  9    God:
Gold:   87         SH:  0    Dex: 14    Spells: 2/4 levels left

rFire   . . .        a - +0 trident
rCold   + . .        (no shield)
rNeg    . . .        b - melded +0 leather armour
rPois   +            (helmet currently unavailable)
rElec   .            f - melded scarf {+Inv}
rCorr   .            (gloves currently unavailable)
SInv    .            n - melded +0 pair of boots
Will    .....        (no amulet)
Stlth   +            g - ring of protection from cold
HPRegen 0.30/turn    t - ring of wizardry
MPRegen 0.09/turn

%: clarity, wizardry (x1)
@: lethally poisoned (-7 -> -21), tree-form
A: stationary, stasis, torment immunity, boosted hp, (horns 1), (icy blue scales
2), clarity, (cold resistance 1), (fire resistance 1), evolution 1
a: no special abilities


You were on level 4 of the Dungeon.
You were a tree.
You visited 1 branch of the dungeon, and saw 4 of its levels.

You collected 263 gold pieces.
You spent 176 gold pieces at shops.

Inventory:

Hand Weapons
 a - a +0 trident (weapon)
Missiles
 d - 3 throwing nets (quivered)
 e - a javelin
Armour
 b - a +0 leather armour (melded)
 c - a +0 helmet
 f - a scarf of invisibility (melded)
 n - a +0 pair of boots (melded)
 u - a +0 plate armour
Jewellery
 g - a ring of protection from cold (left branch)
 t - a ring of wizardry (right branch)
Wands
 w - a wand of polymorph (8)
Scrolls
 h - 2 scrolls of fog {unknown}
 i - a scroll of teleportation {unknown}
 j - a scroll of poison {unknown}
 k - 2 scrolls of magic mapping {unknown}
 m - a scroll of immolation
 o - 5 scrolls of identify {unknown}
 v - a scroll of noise {unknown}
Potions
 p - a potion of lignification
 q - a potion of haste {unknown}
 r - a potion of ambrosia {unknown}
 s - 2 potions of mutation


   Skills:
 * Level 3.7 Fighting
 + Level 3.3 Polearms
 + Level 2.7 Throwing
 + Level 1.5 Armour
 + Level 3.2 Dodging
 + Level 0.1 Spellcasting
 + Level 0.2 Transmutations
 + Level 1.6 Evocations


You had 2 spell levels left.
You knew the following spells:

 Your Spells              Type           Power      Damage    Failure   Level
a - Wereblood             Tmut           0%         N/A       22%         2

Your spell library contained the following spells:

 Spells                   Type           Power      Damage    Failure   Level
 Sublimation of Blood     Necr           0%         N/A       24%         2
 Dazzling Flash           Conj/Hex       0%         N/A       43%         3
 Gell's Gravitas          Tloc           0%         N/A       43%         3
 Teleport Other           Tloc           0%         N/A       43%         3
 Agony                    Necr           0%         N/A       98%         5
 Silence                  Hex/Air        0%         N/A       98%         5
 Dispersal                Tloc           0%         N/A       100%        6
 Summon Hydra             Summ           0%         N/A       100%        7


Dungeon Overview and Level Annotations

Branches:
Dungeon (4/15)
 Temple: D:4-7

Altars:

Shops:
D:4 !

Annotations:
D:4 kitiara's ghost, amateur MfGl


Innate Abilities, Weirdness & Mutations

You are a tree.
Your roots penetrate the ground, keeping you stationary.
You cannot be teleported.
You are immune to unholy pain and torment.
Your maximum health is greatly increased.
Your equipment is partially melded.
((You have a pair of small horns on your head.))
((You are mostly covered in icy blue scales. (AC +3)))
You possess an exceptional clarity of mind.
((Your flesh is cold resistant. (rC+)))
((Your flesh is heat resistant. (rF+)))
You have hidden genetic potential.


Message History

The killer bee stings you.
* * * LOW HITPOINT WARNING * * *
The killer bee stings you but does no damage.
It was a potion of heal wounds.
You feel much better.
You feel sick. The killer bee barely misses you.
The killer bee stings you but does no damage.
Kitiara's ghost hits you but does no damage.
You closely miss the killer bee.
The killer bee is heavily wounded.
You feel sick. The killer bee stings you.
You are more poisoned.
The killer bee poisons you!
The killer bee stings you but does no damage.
Kitiara's ghost hits you.
You hit the killer bee.
The killer bee is severely wounded.
You feel very sick.
The killer bee stings you but does no damage.
The killer bee stings you.
Kitiara's ghost hits you but does no damage.
You are electrocuted!
* * * LOW HITPOINT WARNING * * *
You hit the killer bee.
The killer bee is almost dead.
You feel sick.
The killer bee stings you but does no damage. x2
Kitiara's ghost hits you but does no damage.
You miss the killer bee.
The killer bee is almost dead.
Your primal bloodlust has ended.
You feel very sick. The killer bee stings you.
* * * LOW HITPOINT WARNING * * *
You are lethally poisoned!
The killer bee poisons you!
The killer bee stings you but does no damage.
Kitiara's ghost hits you.
* * * LOW HITPOINT WARNING * * *
You are electrocuted!
You die...

######### #.......# ######
#.......# #....# #.......#
#.##.# #.......#
#.##.####.......#
#.#....##.......#
#.#....##.....###
#......##...♣y#§§
#..###.......W§§§ ###### #..#
#)#####..#§§ #.....
#..###.#......##########.....
#.>.....<...............∩....
#[(..........................
#..........##...########.....
################# ######


You could see a killer bee and kitiara's ghost.

Vanquished Creatures
  An iguana (D:4)
  A sleepcap (D:4)
  2 orc wizards
  5 adders
  An ufetubus (D:4)
  3 dart slugs (D:2)
  9 orcs
  5 ball pythons
  9 endoplasms
  2 giant cockroaches
  5 goblins
  5 hobgoblins
  3 jackals (D:2)
  6 kobolds
  4 quokkas
  2 bats
  5 frilled lizards
  A rat (D:1)
69 creatures vanquished.

Notes
Turn   | Place    | Note
-------+----------+-------------------------------------------
     0 | D:1      | javelincjr the Demonspawn Gladiator began the quest for the
                  | Orb.
     0 | D:1      | Reached XP level 1. HP: 16/16 MP: 1/1
   232 | D:1      | Gained mutation: You have a pair of small horns on your
                  | head. [demonic ancestry]
   232 | D:1      | Reached XP level 2. HP: 14/23 MP: 2/2
   700 | D:2      | Gained mutation: You are partially covered in icy blue
                  | scales. (AC +2) [demonic ancestry]
   700 | D:2      | Reached XP level 3. HP: 10/28 MP: 3/3
  1248 | D:2      | Reached XP level 4. HP: 31/35 MP: 4/4
  1391 | D:2      | Reached skill level 1 in Evocations
  1620 | D:3      | Reached skill level 1 in Armour
  2487 | D:4      | Found a runed translucent door.
  2492 | D:4      | Gained mutation: You are mostly covered in icy blue scales.
                  | (AC +3) [demonic ancestry]
  2492 | D:4      | Reached XP level 5. HP: 37/41 MP: 5/5
  2523 | D:4      | Noticed kitiara's ghost (amateur MfGl)
  2540 | D:4      | Found Gothrima's Distillery.
  2548 | D:4      | Bought a potion of mutation for 88 gold pieces
  2548 | D:4      | Bought a potion of mutation for 88 gold pieces
  2548 | D:4      | Gained mutation: You possess an exceptional clarity of
                  | mind. [potion of mutation]
  2548 | D:4      | Gained mutation: Your flesh is cold resistant. (rC+)
                  | [potion of mutation]
  2548 | D:4      | Gained mutation: Your flesh is heat resistant. (rF+)
                  | [potion of mutation]
  2548 | D:4      | Gained mutation: You have hidden genetic potential. [potion
                  | of mutation]
  2591 | D:4      | Learned a level 2 spell: Wereblood
  2933 | D:4      | Mangled by kitiara's ghost

Illustrated notes

Levels and vault maps discovered:
D:1:      minmay_arrival_open_corners, layout_loops_ring
D:2:      layout_loops_cross
D:3:      layout_loops_corners, tso_metal_star, minmay_misc_feat_rows
D:4:      layout_basic, ebering_ghost_inner_flame, serial_shops, shop

Skill      XL: |  1  2  3  4 |
---------------+-------------+-----
Throwing       | 2 |  2.7
Fighting       | 3 |  3.7
Polearms       | 3 |  3.3
Dodging        | 3 |  3.2
Evocations     | 1 |  1.6
Armour         | 1 |  1.5
Spellcasting   | |  0.1
Transmutations | |  0.2

Action                     |  1- 3 |  4- 6 || total
---------------------------+-------+-------++-------
  Melee: Trident           |   103 |   138 ||   241
         Headbutt          |    11 |    20 ||    31
         Punch             |     1 |     1 ||     2
   Cast: Wereblood         |       |     2 ||     2
    Use: Potion            |     2 |     3 ||     5
   Stab: Sleeping          |       |     1 ||     1
 Armour: Leather armour    |    40 |    35 ||    75
         Skin              |       |    10 ||    10
  Dodge: Dodged            |    60 |    62 ||   122
